 Dungeon Crawl Stone Soup version 0.24-a0-504-gcfb02b9d07 (webtiles) character file.

Game seed: 15537309322751225661

12438 Inarius the Summoner (level 11, -5/71 HPs)
             Began as a Demonspawn Summoner on July 16, 2019.
             Was an Elder of Hepliaklqana.
             Slain by a vampire (10 damage)
             ... on level 11 of the Dungeon.
             The game lasted 00:43:01 (15704 turns).

Inarius the Summoner (Demonspawn Summoner)         Turns: 15704, Time: 00:43:02

Health: -5/71      AC: 15    Str: 13    XL:     11   Next: 62%
Magic:  26/30      EV: 13    Int: 20    God:    Hepliaklqana [****..]
Gold:   704        SH:  0    Dex: 14    Spells: 8/24 levels left

rFire    + . .     SeeInvis .   x - +1 spear (elec)
rCold    . . .     Gourm    .   (no shield)
rNeg     . . .     Faith    .   C - +1 ring mail {rF+}
rPois    .         Spirit   .   w - +2 hat
rElec    .         Reflect  .   P - scarf {repulsion}
rCorr    +         Harm     .   d - +0 pair of gloves
MR       .....                  m - +2 pair of boots
Stlth    +.........             q - amulet of the acrobat
HPRegen  0.21/turn              y - ring of magical power
MPRegen  0.22/turn              v - ring of resist corrosion

@: mighty, very slightly contaminated, repel missiles
A: reduced essence, talons 1, iridescent scales 1, demonic guardian 2, foul
stench 1, rot immunity
a: Recall Ancestor, Ancestor Identity, Transference, Idealise, Renounce Religion


You were on level 11 of the Dungeon.
You worshipped Hepliaklqana.
Hepliaklqana was greatly pleased with you.
You were hungry.

You visited 2 branches of the dungeon, and saw 13 of its levels.

You collected 704 gold pieces.

Inventory:

Hand Weapons
 x - a +1 spear of electrocution (weapon)
 B - the +6 war axe of Power {speed, *Contam rElec rPois MP+9}
   (You found it on level 7 of the Dungeon)

   Attacks with this weapon are significantly faster.
   It insulates you from electricity.
   It protects you from poison.
   It affects your magic capacity (+9).
   It causes magical contamination when unequipped.
Armour
 d - a +0 pair of gloves (worn)
 m - a +2 pair of boots (worn)
 w - a +2 hat (worn)
 C - a +1 ring mail of fire resistance (worn)
 P - a scarf of repulsion (worn)
Magical Staves
 E - an uncursed staff of fire
Jewellery
 f - an uncursed ring of fire
 n - an uncursed amulet of faith
 q - an amulet of the acrobat (around neck)
 v - a ring of resist corrosion (right hand)
 y - a ring of magical power (left hand)
 z - an uncursed ring of flight
Wands
 u - a wand of enslavement (11)
 H - a wand of acid (19)
 K - a wand of flame (15)
Scrolls
 a - a scroll of amnesia
 i - 3 scrolls of enchant weapon
 r - 3 scrolls of remove curse
 s - 2 scrolls of enchant armour
 I - a scroll of noise
Potions
 b - a potion of ambrosia {unknown}
 h - a potion of lignification {unknown}
 j - 2 potions of resistance {unknown}
 l - 2 potions of might
 p - 2 potions of mutation {unknown}
 t - a potion of magic {unknown}
 A - a potion of haste {unknown}
 F - 2 potions of curing
 G - a potion of invisibility {unknown}
 M - a potion of brilliance {unknown}
Miscellaneous
 o - a phantom mirror
Comestibles
 c - 8 rations
 J - 3 chunks of flesh


   Skills:
 + Level 5.0 Fighting
 + Level 6.1 Polearms
 - Level 4.0 Armour
 + Level 5.1 Dodging
 - Level 1.7 Stealth
 + Level 7.3 Spellcasting
 + Level 1.4 Hexes
 * Level 10.7 Summonings
 + Level 1.0 Ice Magic
 + Level 1.2 Air Magic
 * Level 8.4 Invocations
 + Level 4.1 Evocations


You had 8 spell levels left.
You knew the following spells:

 Your Spells              Type           Power        Failure   Level  Hunger
a - Call Canine Familiar  Summ           ######..     1%          3    #......
b - Call Imp              Summ           ######..     1%          2    None
c - Summon Ice Beast      Ice/Summ       ####....     17%         4    ###....
d - Summon Guardian Gole  Hex/Summ       ####....     4%          3    #......
e - Summon Lightning Spi  Summ/Air       ####....     16%         4    ###....

Your spell library contained the following spells:

 Spells                   Type           Power        Failure   Level  Hunger
 Summon Small Mammal      Summ           ####         1%          1    None
 Swiftness                Chrm/Air       #.......     22%         2    None
 Passwall                 Tmut/Erth      #.......     28%         2    None
 Passage of Golubria      Tloc           N/A          88%         4    ###....
 Lee's Rapid Deconstruct  Erth           #.........   99%         5    #####..
 Darkness                 Hex            ##........   100%        6    ######.
 Invisibility             Hex            ##......     100%        6    ######.
 Iron Shot                Conj/Erth      #.........   100%        6    ######.
 Shatter                  Erth           #.........   100%        9    #######


Dungeon Overview and Level Annotations

Branches:
Dungeon (12/15)            Temple (1/1) D:4            Lair (0/6) D:9
    Orc (0/2) D:11

Altars:
Ashenzari
Cheibriados
Dithmenos
Elyvilon
Fedhas
Gozag
Hepliaklqana
Kikubaaqudgha
Makhleb
Nemelex Xobeh
Okawaru
Qazlal
Ru
Sif Muna
Trog
Uskayaw
Vehumet
Wu Jian
Xom
Yredelemnul
Zin
The Shining One

Shops:
D:6 =   D:8 (

Portals:
Ice
Cave: D:12

Annotations:
D:7 Prince Ribbit
D:9 3 runed translucent doors, MirrMurr's ghost, novice GnWz; oki's ghost, journeyman HOMo


Innate Abilities, Weirdness & Mutations

You have sharp toenails.
You are partially covered in iridescent scales. (AC +2)
A demonic guardian rushes to your aid.
You may emit foul miasma when damaged in melee.
You are immune to rotting.
Your life essence is reduced to manifest your ancestor. (-10% HP)


Message History

The orc shouts!
The centaur warrior skeleton hits your crimson imp.
Your crimson imp hits the centaur warrior skeleton.
Found a fizzy black potion.
Your crimson imp hits the centaur warrior skeleton.
An orc priest opens the door.
A hippogriff comes into view.
There is a stone staircase leading up here.
Your wolf barely misses something.
Something hits you but does no damage. Something bites you.
* * * LOW HITPOINT WARNING * * *
Something draws strength from your injuries!
You emit a cloud of foul miasma!
Your wolf bites something but does no damage.
You climb upwards.
Your summoned ally is left behind.
Reactivating autopickup.
There is a stone staircase leading down here.
Deactivating autopickup; reactivate with Ctrl-A.
You hit something. Something hits you!
You die...

................... #....###.....
........#.......... #......^.....
........#.....(.... #............
#######>#..........##............
#.#....... ..).........####
#.######.####.####.....# # #.#
#.. #...........#.# # #.# #.#
#.##.#..###.#.#### #.# #.#
#@##.#<...#.#.#..5 #.# #.#
#.##.#......#.#.## #.# #.#
#.##.#..#.###..... #.# #.#
#.##.#........#..#
#.####.###.##.#..#.#####..#
#...............###########
######.#......####.......##
#.#.≈≈...##...####...#
#.#.≈...##...##..##...


There were no monsters in sight!

Vanquished Creatures
  2 two-headed ogres
  A troll (D:9)
  4 hippogriffs
  A wraith (D:12)
  Sigmund (D:3)
  A hungry ghost (D:7)
  A soldier ant (D:12)
  2 orc warriors (D:11)
  Duvessa (D:4)
  An eye of draining (D:9)
  A sky beast (D:7)
  A phantom (D:7)
  5 ogres
  4 centaurs
  2 bullfrogs
  4 killer bees (D:7)
  An electric eel (D:12)
  2 howler monkeys
  2 crimson imps (D:9)
  A bullfrog zombie (D:7)
  4 centaur zombies
  4 orc wizards
  3 orc priests
  4 hounds
  An iguana (D:7)
  7 worker ants
  A killer bee zombie (D:5)
  2 hound zombies
  A worker ant zombie (D:6)
  A howler monkey skeleton (D:7)
  6 gnolls
  11 adders
  4 shadow imps
  An adder skeleton (D:6)
  2 worms
  4 dart slugs
  3 leopard geckos
  25 orcs
  10 giant cockroaches
  6 goblins
  2 hobgoblins (D:2)
  7 jackals
  8 kobolds
  4 quokkas
  A ball python (D:3)
  8 bats
  5 frilled lizards
  A leopard gecko zombie (D:7)
  7 rats
181 creatures vanquished.

Vanquished Creatures (collateral kills)
  Harold (D:9)
  A hydra (D:8)
  2 two-headed ogres
  Sonja (D:10)
  An unseen horror (D:11)
  An ugly thing (D:11)
  5 trolls
  Grinder (D:4)
  A hippogriff (D:11)
  5 slime creatures (D:12)
  A water elemental (D:12)
  A vampire mosquito (D:7)
  A warg (D:11)
  2 soldier ants (D:12)
  An ice beast (D:9)
  2 necrophages
  6 orc warriors
  2 phantoms (D:7)
  3 sky beasts
  5 ogres
  A centaur (D:10)
  A big kobold (D:7)
  2 bullfrogs (D:9)
  Dowan (D:4)
  3 scorpions
  A water moccasin skeleton (D:7)
  4 killer bees
  2 howler monkeys (D:6)
  3 crimson imps
  2 centaur zombies
  A quasit (D:7)
  A bullfrog zombie (D:9)
  5 hounds
  A jelly (D:11)
  2 bullfrog skeletons
  7 orc priests
  A gnoll shaman (D:6)
  2 orc wizards
  3 iguanas
  8 worker ants
  2 hound skeletons
  A hound zombie (D:5)
  10 gnolls
  2 adders
  18 orcs
  A hobgoblin (D:1)
  5 jackals
  3 kobolds
  4 bats
  2 goblins
  A quokka skeleton (D:6)
  A quokka zombie (D:5)
  A rat (D:1)
145 creatures vanquished.

Vanquished Creatures (others)
  7 hexers
  4 ancestors
  2 withered plants (D:9)
13 creatures vanquished.

Grand Total: 339 creatures vanquished

Notes
Turn   | Place    | Note
-------+----------+-------------------------------------------
     0 | D:1      | Inarius the Demonspawn Summoner began the quest for the
                  | Orb.
     0 | D:1      | Reached XP level 1. HP: 13/13 MP: 3/3
   824 | D:1      | Gained mutation: You have sharp toenails. [demonic
                  | ancestry]
   824 | D:1      | Reached XP level 2. HP: 18/19 MP: 5/5
   914 | D:1      | Learned a level 2 spell: Call Imp
  1745 | D:2      | Found a sparkling altar of Nemelex Xobeh.
  1773 | D:2      | Reached XP level 3. HP: 20/25 MP: 6/6
  2171 | D:2      | Learned a level 3 spell: Call Canine Familiar
  2672 | D:3      | Reached skill level 1 in Fighting
  2797 | D:2      | Reached XP level 4. HP: 23/32 MP: 4/7
  3182 | D:3      | Reached skill level 1 in Polearms
  3802 | D:2      | Gained mutation: You are immune to rotting. [demonic
                  | ancestry]
  3802 | D:2      | Reached XP level 5. HP: 14/37 MP: 3/8
  4109 | D:3      | Learned a level 4 spell: Summon Ice Beast
  4273 | D:3      | Noticed Sigmund
  4333 | D:3      | Killed Sigmund
  4333 | D:3      | Reached skill level 1 in Armour
  4333 | D:3      | Reached skill level 5 in Summonings
  4333 | D:3      | Gained mutation: You may emit foul miasma when damaged in
                  | melee. [demonic ancestry]
  4333 | D:3      | Reached XP level 6. HP: 26/44 MP: 1/10
  4896 | D:4      | Noticed Duvessa
  4896 | D:4      | Noticed Dowan
  4913 | D:4      | Killed Duvessa
  4920 | D:4      | Killed Dowan
  5351 | D:4      | Reached XP level 7. HP: 26/50 MP: 8/11
  5525 | D:4      | Found a staircase to the Ecumenical Temple.
  5857 | Temple   | Entered the Ecumenical Temple
  5913 | Temple   | Became a worshipper of Hepliaklqana the Forgotten
  5980 | D:4      | Found a glowing golden altar of the Shining One.
  5986 | D:4      | Noticed Grinder
  6000 | D:4      | Killed Grinder
  6000 | D:4      | Reached skill level 6 in Summonings
  6364 | D:5      | Entered Level 5 of the Dungeon
  6496 | D:5      | Found a shadowy altar of Dithmenos.
  6684 | D:5      | Reached * piety under Hepliaklqana
  6700 | D:5      | Gained mutation: A weak demonic guardian rushes to your
                  | aid. [demonic ancestry]
  6700 | D:5      | Reached XP level 8. HP: 40/51 MP: 10/13
  6722 | D:5      | Learned a level 3 spell: Summon Guardian Golem
  6764 | D:5      | Reached skill level 1 in Invocations
  7124 | D:5      | Reached skill level 1 in Evocations
  8096 | D:6      | Reached skill level 7 in Summonings
  8182 | D:6      | Gained mutation: You are partially covered in iridescent
                  | scales. (AC +2) [demonic ancestry]
  8182 | D:6      | Reached XP level 9. HP: 7/56 MP: 15/15
  8609 | D:6      | Found a sacrificial altar of Ru.
  8765 | D:6      | Found Voxtuin's Jewellery Boutique.
  8860 | D:7      | Reached ** piety under Hepliaklqana
  8862 | D:7      | Remembered your ancestor Onaxys as a hexer
  9269 | D:7      | Noticed a troll
  9294 | D:7      | Reached skill level 5 in Polearms
  9300 | D:7      | Reached skill level 5 in Invocations
  9327 | D:7      | Killed a troll
  9365 | D:7      | Identified Elagyrhu's Catalogue of Earth
  9375 | D:7      | Identified the +4 war axe of the Big Fish {holy, +Blink rN+
                  | Str+2} (You found it on level 7 of the Dungeon)
  9377 | D:7      | Identified the +6 war axe of Power {speed, *Contam rElec
                  | rPois MP+9} (You found it on level 7 of the Dungeon)
  9450 | D:7      | Reached skill level 5 in Spellcasting
 10011 | D:7      | Reached skill level 8 in Summonings
 10234 | D:7      | Found a shimmering altar of Xom.
 10234 | D:7      | Found a shimmering altar of Xom.
 10235 | D:7      | Found a shimmering altar of Xom.
 10237 | D:7      | Found a shimmering altar of Xom.
 10237 | D:7      | Found a shimmering altar of Xom.
 10275 | D:7      | Gained mutation: A demonic guardian rushes to your aid.
                  | [demonic ancestry]
 10275 | D:7      | Reached XP level 10. HP: 63/63 MP: 17/17
 10515 | D:7      | Noticed Prince Ribbit
 11145 | D:8      | Noticed a four-headed hydra
 11153 | D:8      | Killed a four-headed hydra
 11247 | D:8      | Noticed a two-headed ogre
 11258 | D:8      | Killed a two-headed ogre
 11425 | D:8      | Noticed a two-headed ogre
 11435 | D:8      | Killed a two-headed ogre
 11435 | D:8      | Reached skill level 9 in Summonings
 11696 | D:8      | Found a hide-covered altar of Uskayaw.
 11700 | D:8      | Found Xuiwasua's Weapon Shoppe.
 11765 | D:8      | Found a burning altar of Makhleb.
 11766 | D:8      | Found a shattered altar of Ashenzari.
 11766 | D:8      | Found a white marble altar of Elyvilon.
 11998 | D:8      | Reached *** piety under Hepliaklqana
 12229 | D:8      | Learned a level 4 spell: Summon Lightning Spire
 12280 | D:9      | Noticed a two-headed ogre
 12297 | D:9      | Killed a two-headed ogre
 12297 | D:9      | Reached skill level 1 in Hexes
 12731 | D:9      | Reached skill level 1 in Air Magic
 12752 | D:9      | Reached skill level 1 in Ice Magic
 12811 | D:9      | Noticed a two-headed ogre
 12819 | D:9      | Killed a two-headed ogre
 12828 | D:9      | Found a staircase to the Lair.
 12964 | D:9      | Noticed Harold
 12985 | D:9      | Killed Harold
 12985 | D:9      | Reached XP level 11. HP: 23/70 MP: 18/20
 13372 | D:9      | Found a runed translucent gate.
 13372 | D:9      | Found a runed translucent gate.
 13372 | D:9      | Noticed oki's ghost (journeyman HOMo)
 13373 | D:9      | Found a runed translucent gate.
 13373 | D:9      | Noticed MirrMurr's ghost (novice GnWz)
 13609 | D:9      | Reached **** piety under Hepliaklqana
 13622 | D:10     | Entered Level 10 of the Dungeon
 13705 | D:10     | Noticed Sonja
 13923 | D:10     | Reached skill level 10 in Summonings
 14358 | D:10     | Reached skill level 5 in Dodging
 14627 | D:10     | Killed Sonja
 14779 | D:11     | Noticed a purple ugly thing
 14785 | D:11     | Killed a purple ugly thing
 14961 | D:11     | Found a staircase to the Orcish Mines.
 15298 | D:11     | Killed an unseen horror
 15455 | D:11     | You fall into a shaft and drop 1 floor!
 15533 | D:12     | Reached skill level 5 in Fighting
 15625 | D:12     | Noticed an entropy weaver
 15625 | D:12     | Noticed an entropy weaver
 15696 | D:12     | Found a frozen archway.
 15704 | D:11     | Slain by a vampire

Levels and vault maps discovered:
D:1:      psy_arrival_terrarium, layout_loops_ring, minmay_cupped
D:2:      layout_loops_ring, old_standard_altar, fountainhead
D:3:      layout_loops_cross, first_ration, grunt_ministairs_14, uniq_sigmund
D:4:      layout_cave_pods, nicolae_overflow_hidden_temple,
          minmay_temple_entry_overgrown, kennysheep_decorative_pillar,
          uniq_duvessa, uniq_grinder
D:5:      minmay_inner_zag, layout_basic, nicolae_overflow_crystal_walls
D:6:      layout_loops_cross, nicolae_ru_sacrificial_ziggurat, serial_shops,
          nicolae_shop_behind_doors
D:7:      minmay_the_grid_octo_2x2 [minmay_the_grid_octo_empty,
          minmay_the_grid_octo_concentric, minmay_the_grid_octo_clover,
          minmay_the_grid_octo_prize_star], layout_loops_ring, xom_shifter_show,
          kennysheep_minor_cross, uniq_prince_ribbit1
D:8:      layout_cave_pods, minitemple, eat_drink_and_be_merry_uskayaw,
          serial_shops, shop
D:9:      layout_stronghold, lair_entry_dummy, gammafunk_ghost_cemetery,
          uniq_harold
D:10:     layout_basic, uniq_sonja
D:11:     layout_basic, david_orc_1_choice
D:12:     layout_basic, special_room [special_room_orc],
          portal_ice_cave_entry_pillars_1, hangedman_fish_farm,
          minmay_another_anthill
Temple:   dshaligram_water_room_temple

Skill      XL: |  1  2  3  4  5  6  7  8  9 10 11 |
---------------+----------------------------------+-----
Dodging        | 2 3 4 5 |  5.1
Fighting       | 1 2 3 4 5 |  5.0
Polearms       | 1 2 3 4 5 6 |  6.1
Armour         | 1 2 3 4 |  4.0
Summonings     | 5 6 7 8 9 10 | 10.7
Spellcasting   | 3 4 5 6 7 |  7.3
Invocations    | 3 6 7 8 |  8.4
Evocations     | 3 4 |  4.1
Hexes          | 1 |  1.4
Air Magic      | 1 |  1.2
Ice Magic      | 1 |  1.0
Stealth        | |  1.7

Action                   |  1- 3 |  4- 6 |  7- 9 | 10-12 || total
-------------------------+-------+-------+-------+-------++-------
Melee: Unarmed           |    71 |       |       |       ||    71
       Short sword       |    33 |       |       |       ||    33
       Spear             |    98 |   252 |   553 |   488 ||  1391
       Kick              |    15 |       |       |       ||    15
 Cast: Summon Small Mamm |    15 |       |       |       ||    15
       Call Imp          |     5 |    24 |    51 |    36 ||   116
       Call Canine Famil |       |       |     3 |    26 ||    29
       Summon Guardian G |       |       |     2 |       ||     2
       Summon Lightning  |       |       |       |     3 ||     3
Invok: Ancestor Identity |       |       |     1 |       ||     1
       Recall Ancestor   |       |       |     1 |     4 ||     5
       Ancestor Life: He |       |       |     1 |       ||     1
       Transference      |       |       |       |     1 ||     1
Evoke: Wand              |       |       |     3 |     9 ||    12
  Use: Scroll            |     5 |     1 |     7 |    14 ||    27
       Potion            |       |     2 |       |     4 ||     6
 Stab: Sleeping          |     2 |       |     1 |     1 ||     4
       Distracted        |     1 |     3 |    10 |     6 ||    20
       Confused          |       |       |     4 |     6 ||    10
  Eat: Chunk             |     6 |     7 |    20 |    18 ||    51
       Ration            |       |     1 |       |       ||     1
Armor: Robe              |    53 |       |       |       ||    53
       Ring mail         |     5 |    94 |   164 |   185 ||   448
Dodge: Dodged            |   139 |   154 |   212 |   236 ||   741

Table legend:
 A = Non-vault XP
 B = Vault XP
 C = Vault XP percentage of total XP
 D = Non-vault monster count
 E = Vault monster count
 F = Vault count percentage of total count
                 A         B        C        D         E       F
            +---------+---------+-------+---------+---------+-------
      Total |   13897 |    3872 |  21.8 |     279 |      47 |  14.4
            +---------+---------+-------+---------+---------+-------
        D:1 |      23 |       5 |  17.9 |      16 |       4 |  20.0
        D:2 |      91 |       0 |   0.0 |      26 |       0 |   0.0
        D:3 |     140 |     169 |  54.7 |      27 |       3 |  10.0
        D:4 |     431 |     406 |  48.5 |      25 |       3 |  10.7
        D:5 |     497 |     107 |  17.7 |      24 |       3 |  11.1
        D:6 |    1081 |       0 |   0.0 |      36 |       0 |   0.0
        D:7 |    1566 |    1290 |  45.2 |      34 |      17 |  33.3
        D:8 |    2825 |       0 |   0.0 |      27 |       0 |   0.0
        D:9 |    2541 |     564 |  18.2 |      23 |       1 |   4.2
       D:10 |    1447 |     414 |  22.2 |      16 |       1 |   5.9
       D:11 |    2096 |     470 |  18.3 |      16 |       6 |  27.3
       D:12 |    1159 |     447 |  27.8 |       9 |       9 |  50.0
            +---------+---------+-------+---------+---------+-------
